 Dungeon Crawl Stone Soup version 0.31.0-4-g52a2dc7128 (webtiles) character file.

Game seed: 11051471032985736997

3081 Gottschkopf the Cleaver (level 9, -2/82 HPs)
             Began as a Minotaur Fighter on Jan 23, 2024.
             Was a High Priest of Trog.
             Killed from afar by a raiju (5 damage)
             ... with a living lightning
             ... on level 1 of the Abyss.
             The game lasted 00:23:22 (5670 turns).

Gottschkopf the Cleaver (Minotaur Fighter)          Turns: 5670, Time: 00:23:22

Health: -2/82      AC: 18    Str: 30    XL:     9   Next: 58%
Magic:  8/8        EV:  9    Int:  2    God:    Trog [*****.]
Gold:   440        SH:  6    Dex: 11    Spells: 8/8 levels left

rFire   + . .        f - +2 war axe (freeze)
rCold   . . .        c - +0 buckler
rNeg    . . .        g - +0 chain mail
rPois   .            (helmet restricted)
rElec   .            P - +2 cloak
rCorr   +            (no gloves)
SInv    .            (no boots)
Will    .....        (no amulet) Stlth
                     H - +4 ring of protection
HPRegen 0.00/turn    C - ring of Rifey {rF+ rCorr Str+6 Int-3}
MPRegen 0.11/turn

%: no passive effects
@: on berserk cooldown, sick, slowed, very slow
A: horns 2, retaliatory headbutt
a: Renounce Religion, Berserk, Trog's Hand, Brothers in Arms


You were on level 1 of the Abyss.
You worshipped Trog.
Trog was extremely pleased with you.
You visited 1 branch of the dungeon, and saw 7 of its levels.
You visited the Abyss 1 time.
You also visited: Sewer and Ossuary.

You collected 440 gold pieces.

Inventory:

Hand Weapons
 a - a +0 flail
 f - a +2 war axe of freezing (weapon)
 o - a +2 hand axe of electrocution
Missiles
 i - 5 boomerangs (quivered)
Armour
 c - a +0 buckler (worn)
 g - a +0 chain mail (worn)
 B - a +0 cloak
 M - an orb of energy
 O - a +0 ring mail of cold resistance
 P - a +2 cloak (worn)
Jewellery
 j - a +5 ring of evasion
 C - the ring of Rifey (right hand) {rF+ rCorr Str+6 Int-3}
   (You found it in an ossuary)

   [ring of strength]

   Str+6:     It affects your strength (+6).
   Int-3:     It affects your intelligence (-3).
   rF+:       It protects you from fire.
   rCorr:     It protects you from acid and corrosion.
 F - a +5 ring of evasion
 G - a +6 ring of dexterity
 H - a +4 ring of protection (left hand)
 L - a ring of ice
Wands
 A - a wand of polymorph (6)
 I - a wand of flame (27)
 K - a wand of charming (14)
Scrolls
 b - 2 scrolls of fear {unknown}
 e - 2 scrolls of teleportation {unknown}
 h - 4 scrolls of poison
 k - 2 scrolls of immolation {unknown}
 n - 5 scrolls of amnesia
 r - 4 scrolls of blinking {unknown}
 w - a scroll of butterflies {unknown}
 y - 2 scrolls of enchant armour {unknown}
 D - a scroll of enchant weapon {unknown}
 E - 2 scrolls of torment
 J - a scroll of fog {unknown}
Potions
 d - 2 potions of might
 l - 3 potions of curing
 m - a potion of resistance
 p - a potion of enlightenment
 q - 5 potions of heal wounds
 s - 2 potions of mutation {unknown}
 t - 3 potions of lignification
 u - 2 potions of attraction
 v - 3 potions of ambrosia
 x - a potion of invisibility
 z - a potion of degeneration {unknown}
 N - a potion of brilliance {unknown}


   Skills:
 + Level 8.4 Fighting
 * Level 9.4(9.5) Axes
 - Level 2.4(6.4) Maces & Flails
 + Level 8.4 Armour
 + Level 8.4 Shields


You had 8 spell levels left.
You didn't know any spells.
Your spell library contained the following spells:

 Spells                   Type           Power      Damage    Failure   Level
 Necrotise                Necr           0%         1d4       95%         1
 Lesser Beckoning         Tloc           0%         N/A       98%         2
 Dazzling Flash           Conj/Hex       0%         N/A       100%        3
 Gell's Gravitas          Tloc           0%         N/A       100%        3
 Mephitic Cloud           Conj/Alch/Air  0%         N/A       100%        3
 Teleport Other           Tloc           0%         N/A       100%        3
 Curse of Agony           Necr           0%         N/A       100%        5
 Silence                  Hex/Air        0%         N/A       100%        5


Dungeon Overview and Level Annotations

Branches:
Dungeon (7/15)             Temple (0/1) D:6           Sewer (visited)
Ossuary (visited)

Altars:
Ashenzari
Gozag
Qazlal
Ru
Trog
Yredelemnul
The Shining One

Shops:
D:1 (   D:5 =

Annotations:
D:7 1 runed translucent door


Innate Abilities, Weirdness & Mutations

You have a pair of horns on your head.
You reflexively headbutt those who attack you in melee.


Message History

The ancient zyme hits you but does no damage. x2
You feel ill.
You barely miss the ancient zyme. The ancient zyme closely misses you. x2
The ancient zyme hits you. The ancient zyme hits you!
You slash the ancient zyme! You freeze the ancient zyme.
You headbutt the ancient zyme.
The ancient zyme is moderately damaged.
The raiju bursts into living lightning!
The living lightning hits you!
* * * LOW HITPOINT WARNING * * *
The raiju blinks! x2
The ancient zyme hits you but does no damage.
You block the ancient zyme's attack. The raiju bites you but does no damage.
You hear a bark!
You slash the ancient zyme! You freeze the ancient zyme.
You headbutt the ancient zyme!
The ancient zyme is severely damaged.
You slash the raiju! You freeze the raiju.
The ancient zyme hits you but does no damage.
The ancient zyme closely misses you.
You feel ill. The raiju bites you.
* * * LOW HITPOINT WARNING * * *
The raiju shocks you!
* * * LOW HITPOINT WARNING * * *
The ancient zyme hits you but does no damage. x2
You hit the ancient zyme but do no damage.
The ancient zyme is severely damaged.
You completely miss the raiju.
A raiju comes into view.
The raiju bites you but does no damage. You block the ancient zyme's attack.
The ancient zyme hits you.
* * * LOW HITPOINT WARNING * * *
The raiju completely misses you.
You barely miss the ancient zyme.
The ancient zyme is severely damaged.
You barely miss the raiju. The ancient zyme misses you.
You furiously retaliate!
You headbutt the ancient zyme. The ancient zyme barely misses you.
The raiju bursts into living lightning!
The living lightning hits you.
You die...

. .#.## #. ## ##
..##. #. ... . .
#. .# #.## .# #.
# #.. ..##.# #.#
#.. . #. # . #.#.
# # #.. .# #.###
.###...
#...##....#. # ##
#..@x.#. ## . .
#.h.##....# . ..
#.##.##....##.. #
#.h. ....#.... #
.ยง.....##.####..
#..#.#..#...# #
... ...## #...
..... #. .# .
.... # ..### .
...#


You could see an ancient zyme and 2 raiju.

Vanquished Creatures
  An ancient zyme (Abyss:1)
  2 raiju (Abyss:1)
  A steam dragon (D:7)
  2 ice beasts (D:5)
  A sky beast (D:7)
  A black bear (D:7)
  2 ogres (D:5)
  A centaur (D:5)
  A weeping skull (Ossuary)
  2 bullfrogs (Sewer)
  A burial acolyte (Ossuary)
  2 bombardier beetles
  A quasit (D:7)
  A centaur zombie (Ossuary)
  2 jellies (D:4)
  2 human zombies (Ossuary)
  4 orc priests
  6 hounds
  An iron imp (Abyss:1)
  Jessica (D:2)
  Natasha (thrice) (D:4)
  2 iguanas
  Ijyb (D:5)
  8 orc wizards
  5 hound zombies (Ossuary)
  2 mummies (Ossuary)
  9 adders
  6 gnolls
  5 river rats (Sewer)
  4 ufetubi (D:7)
  4 dart slugs
  32 orcs
  4 endoplasms
  11 giant cockroaches
  3 goblins (D:2)
  7 hobgoblins
  6 jackals
  5 kobolds
  5 quokkas
  15 ball pythons
  11 bats
  6 frilled lizards
  5 gnoll zombies (Ossuary)
  An orc zombie (Ossuary)
  20 rats
215 creatures vanquished.

Vanquished Creatures (others)
  A burial acolyte (Ossuary)
  An orc (D:3)
2 creatures vanquished.

Grand Total: 217 creatures vanquished

Notes
Turn   | Place    | Note
-------+----------+-------------------------------------------
     0 | D:1      | Gottschkopf the Minotaur Fighter began the quest for the
                  | Orb.
     0 | D:1      | Reached XP level 1. HP: 19/19 MP: 0/0
    67 | D:1      | Found Ziarph's Antique Weapon Shoppe.
   153 | D:1      | Reached XP level 2. HP: 27/27 MP: 1/1
   318 | D:1      | Found a faded altar of an unknown god.
   336 | D:1      | Got Plato's Grimoire of Stolen Souls
   337 | D:1      | Prayed at the altar of an unknown god.
   337 | D:1      | Became a worshipper of Trog the Wrathful
   337 | D:1      | Reached * piety under Trog
   587 | D:1      | Reached XP level 3. HP: 32/33 MP: 2/2
   792 | D:2      | Noticed Jessica
   795 | D:2      | Killed Jessica
   861 | D:2      | Reached XP level 4. HP: 41/41 MP: 3/3
  1639 | D:3      | Found a transporter.
  1728 | D:3      | Reached ** piety under Trog
  1731 | D:3      | Reached skill level 5 in Fighting
  1733 | D:3      | Reached skill level 5 in Armour
  1733 | D:3      | Reached XP level 5. HP: 48/48 MP: 4/4
  1774 | D:3      | Found a transporter.
  1787 | D:3      | Reached skill level 1 in Axes
  1787 | D:3      | Reached skill level 5 in Shields
  1941 | D:3      | Reached skill level 2 in Axes
  1957 | D:3      | Found a glowing drain.
  1982 | Sewer    | Entered a sewer
  2001 | Sewer    | Reached XP level 6. HP: 56/56 MP: 5/5
  2111 | Sewer    | Reached *** piety under Trog
  2180 | Sewer    | Reached skill level 3 in Axes
  2653 | D:4      | Noticed Natasha
  2661 | D:4      | Killed Natasha
  2663 | D:4      | Found a sand-covered staircase.
  2670 | Ossuary  | Entered an ossuary
  2688 | Ossuary  | Found an ancient bone altar of Kikubaaqudgha.
  2696 | Ossuary  | Reached XP level 7. HP: 62/62 MP: 6/6
  2710 | Ossuary  | Reached skill level 4 in Axes
  2850 | Ossuary  | Identified the ring of Rifey {rF+ rCorr Str+6 Int-3}
  2951 | Ossuary  | Reached skill level 5 in Axes
  3244 | D:4      | Noticed Natasha
  3248 | D:4      | Killed Natasha
  3248 | D:4      | Reached **** piety under Trog
  3387 | D:4      | Noticed Natasha
  3391 | D:4      | Killed Natasha
  3392 | D:4      | Reached XP level 8. HP: 71/71 MP: 7/7
  3410 | D:4      | Found a basalt altar of Yredelemnul.
  3508 | D:4      | Found a faded altar of an unknown god.
  3508 | D:4      | Found a broken altar of Ashenzari.
  3517 | D:4      | Found a glowing golden altar of the Shining One.
  3519 | D:4      | Found a stormy altar of Qazlal.
  3521 | D:4      | Found a sacrificial altar of Ru.
  3667 | D:5      | Entered Level 5 of the Dungeon
  3717 | D:5      | Reached skill level 6 in Axes
  4136 | D:5      | Noticed Ijyb
  4148 | D:5      | Reached skill level 7 in Axes
  4167 | D:5      | Killed Ijyb
  4216 | D:5      | Found Ecsidghi's Jewellery Boutique.
  4464 | D:6      | Reached ***** piety under Trog
  4612 | D:6      | Found a staircase to the Ecumenical Temple.
  4901 | D:6      | Reached XP level 9. HP: 79/79 MP: 8/8
  5333 | D:7      | Reached skill level 8 in Axes
  5515 | D:7      | Found a runed translucent door.
  5515 | D:7      | Noticed a sixfirhy
  5518 | D:7      | Found an opulent altar of Gozag.
  5562 | Abyss:1  | Cast into level 1 of the Abyss (gnoll)
  5598 | Abyss:1  | Noticed an efreet
  5615 | Abyss:1  | Noticed an ancient zyme
  5630 | Abyss:1  | Killed an ancient zyme
  5653 | Abyss:1  | Reached skill level 9 in Axes
  5663 | Abyss:1  | Noticed an ancient zyme
  5669 | Abyss:1  | HP: 3/82 [ancient zyme (3)]
  5670 | Abyss:1  | Killed from afar by a raiju

Illustrated notes

Levels and vault maps discovered:
D:1:      heliophobic_arrival_ceremonial_halls, layout_loops_cross,
          shapermc_ecumenical_altar_rom_forum, serial_shops, shop,
          serial_park_tiny_1
D:2:      layout_basic, uniq_jessica
D:3:      gammafunk_wand_slinger, layout_rooms, gup_sewer_entry_glass
D:4:      layout_loops_ring, chequers_temple_overflow_minitemple,
          general_overflow_altar, enter_ossuary_2, uniq_natasha
D:5:      layout_basic, serial_shops, shop_fountains, hex_intersection,
          uniq_ijyb
D:6:      layout_loops_ring, lemuel_temple_firewalk_b
D:7:      cheibrodos_shockbox, layout_cave_pools, lemuel_doored_altar,
          chequers_temple_overflow_statue_of_worship,
          nicolae_overflow_hidden_temple, serial_demonic, serial_demonic_e,
          serial_demonic_c, serial_demonic_a, serial_demonic_g
Abyss:1:  base:
Temple

Skill      XL: |  1  2  3  4  5  6  7  8  9 |
---------------+----------------------------+-----
Armour         | 4 5 6 7 8 |  8.4
Fighting       | 4 5 6 7 8 |  8.4
Shields        | 4 5 6 7 8 |  8.4
Axes           | 2 3 5 7 9 |  9.4
Maces & Flails | |  2.4

Action                     |  1- 3 |  4- 6 |  7- 9 || total
---------------------------+-------+-------+-------++-------
  Melee: Flail             |    74 |    53 |       ||   127
         Headbutt          |    10 |    15 |    40 ||    65
         Hand axe          |       |    68 |    96 ||   164
         War axe           |       |       |   130 ||   130
 Invoke: Berserk           |       |     1 |     1 ||     2
    Use: Scroll            |       |     2 |     9 ||    11
 Armour: Scale mail        |     5 |       |       ||     5
         Chain mail        |    59 |    90 |   181 ||   330
  Dodge: Dodged            |    43 |   131 |    97 ||   271
  Block: Buckler           |    24 |    49 |    62 ||   135
